AoeStats
← Uzler

Arabia

510162984Analyzed
3v3 RM · 3d ago on Sep 29, 2026· 19m 25s· 6 players
Game mode
Random Map
Map size
Normal (6 player)
Population
200
Speed
Normal
Resources
Standard
Victory
Conquest
Starting age
Dark Age
Ending age
Imperial Age
RankedLock teamsTeams togetherTeam positionsShared explorationLock speedFull tech treeHidden civsTurbo modeCheats
Victory
Defeat
🇩🇪 Bohemians · Germany
834
+12
🇩🇪 Mongols · Germany
795
+14
🇱🇺 Aztecs · Luxembourg
791
+14
🇨🇴 Huns · Colombia
765
-14
🇹🇷 Magyars · Türkiye
764
-14
🇪🇨 Mongols · Ecuador
722
-17
Aethelflaed
Kamehame
0:32 Loom
Wilypf
3:03 Loom
10:50 Feudal Age
13:46 Double-Bit Axe
17:59 Castle Age
Uzler
10:01 Feudal Age
10:35 Double-Bit Axe
11:21 Man-at-Arms
17:20 Forging
17:13 Scale Mail Armor
17:57 Fletching
mycranQ
10:54 Feudal Age
11:22 Double-Bit Axe
12:16 Arson
11:54 Man-at-Arms
13:00 Scale Mail Armor
13:08 Gold Mining
13:33 Forging
14:28 Horse Collar
Dartagnan
12:40 Feudal Age
13:45 Arson
13:21 Man-at-Arms
14:41 Scale Mail Armor
18:36 Horse Collar
18:56 Double-Bit Axe
Connection lost

Rejoining the realm…

Still unreachable

The connection could not be restored.

Session expired

The server has moved on; the page needs a fresh start.